 Dungeon Crawl Stone Soup version 0.30-a0-313-gae38170b09 (webtiles) character file.

Game seed: 17950856184299985775

5276 NinjaNoafa the Spear-Bearer (level 10, -1/91 HPs)
             Began as a Hill Orc Fighter on Oct 26, 2022.
             Was a Follower of Uskayaw.
             Slain by a two-headed ogre
             ... wielding a +0 giant club
              (6 damage)
             ... on level 10 of the Dungeon.
             The game lasted 00:15:05 (10709 turns).

NinjaNoafa the Spear-Bearer (Hill Orc Fighter)     Turns: 10709, Time: 00:15:07

Health: -1/91      AC:  9    Str: 30    XL:     10   Next: 63%
Magic:  10/10      EV:  6    Int:  8    God:    Uskayaw [*.....]
Gold:   354        SH:  9    Dex: 10    Spells: 9/9 levels left

rFire   . . .      SeeInvis .    B - +8 trident of the Octopus King {venom, rElec rPois}
rCold   . . .      Faith    .    d - +0 kite shield
rNeg    + . .      Spirit   .    r - +0 plate armour
rPois   +          Reflect  .    L - +1 helmet
rElec   +          Harm     .    g - +0 cloak
rCorr   .          Rampage  .    (no gloves)
Will    .....                    (no boots)
Stlth   ..........               (no amulet)
HPRegen 0.35/turn                l - +6 ring of strength
MPRegen 0.12/turn                u - ring of positive energy

@: corroded, slowed, very slow
A: no striking features
a: Renounce Religion, Stomp


You were on level 10 of the Dungeon.
You worshipped Uskayaw.
Uskayaw was noncommittal.
You visited 2 branches of the dungeon, and saw 11 of its levels.

You collected 570 gold pieces.
You spent 216 gold pieces at shops.

Inventory:

Hand Weapons
 B - the +8 trident of the Octopus King (weapon) {venom, rElec rPois}
   (You found it on level 5 of the Dungeon)

   It poisons the flesh of those it strikes.
   rElec:     It insulates you from electricity.
   rPois:     It protects you from poison.
Missiles
 b - a throwing net
 f - 123 stones
 h - 25 poisoned darts (quivered)
Armour
 d - a +0 kite shield (worn)
 g - a +0 cloak (worn)
 r - a +0 plate armour (worn)
 L - a +1 helmet (worn)
Jewellery
 l - a +6 ring of strength (left hand)
 u - a ring of positive energy (right hand)
 y - a ring of protection from fire
 E - a ring of fire
 K - a ring of protection from cold
Wands
 I - a wand of charming (8)
Scrolls
 c - 3 scrolls of poison {unknown}
 e - 3 scrolls of vulnerability {unknown}
 i - a scroll of blinking {gay, unknown}
 m - a scroll of enchant armour {unknown}
 s - a scroll of immolation {unknown}
 t - 4 scrolls of teleportation {unknown}
 A - 2 scrolls of torment {unknown}
 D - a scroll of butterflies {unknown}
 G - a scroll of fear {unknown}
 H - 2 scrolls of noise {unknown}
 J - a scroll of identify
Potions
 a - a potion of invisibility {unknown}
 j - 3 potions of degeneration
 k - 2 potions of brilliance
 n - 4 potions of heal wounds
 o - 5 potions of flight
 p - 3 potions of curing
 q - 2 potions of cancellation
 v - 2 potions of lignification {unknown}
 w - a potion of might
 x - 2 potions of magic {unknown}
 z - 2 potions of haste {unknown}
 C - a potion of attraction {unknown}
 F - 2 potions of mutation {unknown}


   Skills:
 - Level 9.0 Fighting
 - Level 9.0(11.6) Axes
 - Level 9.9(11.0) Polearms
 + Level 7.4 Armour
 - Level 7.0 Shields


You had 9 spell levels left.
You didn't know any spells.
Your spell library contained the following spells:

 Spells                   Type           Power      Damage    Failure   Level
 Necrotise                Necr           0%         1d4       100%        1
 Slow                     Hex            0%         N/A       100%        1
 Summon Small Mammal      Summ           0%         N/A       100%        1
 Call Canine Familiar     Summ           0%         N/A       100%        3
 Confusing Touch          Hex            0%         N/A       100%        3
 Summon Guardian Golem    Hex/Summ       0%         N/A       100%        3
 Vampiric Draining        Necr           0%         2d6       100%        3
 Agony                    Necr           0%         N/A       100%        5


Dungeon Overview and Level Annotations

Branches:
Dungeon (10/15)            Temple (1/1) D:4
   Lair: D:8-11         Orc: D:9-12

Altars:
Ashenzari
Cheibriados
Elyvilon
Fedhas
Gozag
Hepliaklqana
Kikubaaqudgha
Nemelex Xobeh
Okawaru
Qazlal
Ru
Trog
Uskayaw
Vehumet
Wu Jian
Xom
Yredelemnul
Zin
The Shining One

Shops:
D:1 :   D:5 (

Annotations:
D:10 Sonja


Message History

Sonja hits you with a +1 dagger of venom. x2
You are more poisoned.
The orc warrior barely misses you. The orc barely misses you.
Sonja gestures wildly while chanting.
Sonja blinks!
You block the orc warrior's attack. The orc hits you but does no damage.
You can no longer pass through a line of other dancers.
You closely miss the two-headed ogre.
You feel very sick.
Sonja looks more healthy.
Sonja shouts, "Some dancing partner you are!"
Sonja gestures wildly while chanting.
Sonja blinks!
The orc warrior hits you with a +0 scimitar.
The orc barely misses you.
The two-headed ogre hits you with a +0 giant club.
The two-headed ogre hits you with a +2 dire flail of protection.
Sonja throws a curare-tipped dart.
You block the curare-tipped dart.
The two-headed ogre attacks as you move away!
You block the two-headed ogre's attack.
The two-headed ogre hits you but does no damage.
You feel very sick.
Sonja mumbles some strange words.
Sonja blinks!
The acid dragon spits acid at you. The splash of acid hits you!!
* * * LOW HITPOINT WARNING * * *
The acid corrodes you! The acid dragon spits acid at you.
The splash of acid hits you!
* * * LOW HITPOINT WARNING * * *
The acid corrodes you!
You feel better.
Sonja gestures wildly while chanting.
Sonja blinks!
You block the acid dragon's attack.
The acid dragon claws you but does no damage.
The two-headed ogre hits you with a +0 giant club!
* * * LOW HITPOINT WARNING * * *
The two-headed ogre hits you with a +2 dire flail of protection.
You die...

#.......#
#.....<.#
#.......#
#.####.... #.#
#......
..######.#
#..####.#
.........# #..#
#
.........####..#
..######.@.....#
#OoD).$.#
#.o###.....
#.ยง# .... #..#
.. #..# ...#
....# #...#


You could see a two-headed ogre, an orc warrior, an acid dragon (catching
breath) and an orc.

Vanquished Creatures
  The ghost of CertainDeath the Skirmisher, a novice MiHu (D:6)
  Grinder (D:5)
  Sigmund (D:2)
  A wyvern (D:9)
  A steam dragon (D:9)
  3 water moccasins
  2 acid dragons (D:9)
  2 orc warriors
  4 black bears
  2 ice beasts (D:8)
  2 ogres
  2 centaurs
  3 kobold brigands
  3 necrophages
  4 bullfrogs
  A scorpion (D:6)
  3 wights (D:9)
  9 killer bees
  5 electric eels (D:9)
  2 howler monkeys
  5 orc priests
  5 hounds
  A gnoll bouda (D:5)
  3 jellies
  3 iguanas
  8 orc wizards
  Robin (D:2)
  11 gnolls
  6 adders
  2 shadow imps
  A white imp (D:6)
  An ufetubus (D:6)
  A dart slug (D:4)
  32 orcs
  11 endoplasms
  5 giant cockroaches
  10 hobgoblins
  4 jackals
  6 quokkas
  7 ball pythons
  3 bats
  3 frilled lizards
  10 goblins
  26 kobolds
  3 rats
220 creatures vanquished.

Notes
Turn   | Place    | Note
-------+----------+-------------------------------------------
     0 | D:1      | NinjaNoafa the Hill Orc Fighter began the quest for the
                  | Orb.
     0 | D:1      | Reached XP level 1. HP: 19/19 MP: 1/1
   184 | D:1      | Reached XP level 2. HP: 26/26 MP: 2/2
   433 | D:1      | Found Zeet's Vocational Training.
   449 | D:1      | Reached XP level 3. HP: 31/31 MP: 3/3
   888 | D:2      | Reached skill level 5 in Axes
   921 | D:2      | Noticed Robin
   938 | D:2      | Killed Robin
  1105 | D:2      | Reached XP level 4. HP: 35/41 MP: 4/4
  1254 | D:2      | Noticed Sigmund
  1268 | D:2      | Killed Sigmund
  1269 | D:2      | Reached skill level 5 in Fighting
  1269 | D:2      | Reached skill level 5 in Armour
  1269 | D:2      | Reached XP level 5. HP: 48/48 MP: 5/5
  1269 | D:2      | Reached XP level 6. HP: 56/56 MP: 6/6
  1971 | D:3      | Found a shimmering altar of Xom.
  1979 | D:3      | Found a snail-covered altar of Cheibriados.
  1979 | D:3      | Found an opulent altar of Gozag.
  1989 | D:3      | Found an ancient bone altar of Kikubaaqudgha.
  2001 | D:3      | Found a glowing golden altar of the Shining One.
  2732 | D:4      | Found a staircase to the Ecumenical Temple.
  2746 | Temple   | Entered the Ecumenical Temple
  2881 | Temple   | Became a worshipper of Uskayaw the Reveller
  2918 | D:4      | Noticed a black bear
  2925 | D:4      | Reached * piety under Uskayaw
  2926 | D:4      | Killed a black bear
  2926 | D:4      | Reached ** piety under Uskayaw
  2927 | D:4      | Reached XP level 7. HP: 49/61 MP: 7/7
  3076 | D:4      | Reached skill level 5 in Shields
  3100 | D:4      | Found a white marble altar of Elyvilon.
  3108 | D:4      | Reached *** piety under Uskayaw
  3110 | D:4      | Reached **** piety under Uskayaw
  4122 | D:5      | Entered Level 5 of the Dungeon
  4432 | D:5      | Found a hazy altar of Hepliaklqana.
  4470 | D:5      | Reached XP level 8. HP: 58/68 MP: 8/8
  4547 | D:5      | Found Bywy's Antique Weapon Shop.
  4715 | D:5      | Bought a twisted hand axe for 216 gold pieces
  4715 | D:5      | Identified the +8 hand axe of Sunlight {vorpal, rElec Will+
                  | Str-2} (You bought it in a shop on level 5 of the Dungeon)
  4967 | D:5      | Noticed Grinder
  4977 | D:5      | Killed Grinder
  5061 | D:5      | Found the +8 trident of the Octopus King {venom, rElec
                  | rPois}
  5410 | D:6      | Reached skill level 1 in Polearms
  5673 | D:6      | Found an ancient bone altar of Kikubaaqudgha.
  5707 | D:6      | Reached XP level 9. HP: 61/79 MP: 9/9
  5819 | D:6      | Reached skill level 5 in Polearms
  6007 | D:6      | Found a white marble altar of Elyvilon.
  6071 | D:6      | Found a runed translucent gate.
  6071 | D:6      | Found a runed translucent gate.
  6071 | D:6      | Found a runed translucent gate.
  6072 | D:6      | Noticed CertainDeath's ghost (novice MiHu)
  6756 | D:7      | Found a bloodstained altar of Trog.
  7257 | D:6      | Killed CertainDeath's ghost
  7532 | D:8      | Reached XP level 10. HP: 59/86 MP: 10/10
  7555 | D:7      | Reached ***** piety under Uskayaw
  8097 | D:8      | Found an ornate altar of the Wu Jian Council.
 10653 | D:10     | Entered Level 10 of the Dungeon
 10697 | D:10     | Noticed Sonja
 10701 | D:10     | Noticed a two-headed ogre
 10709 | D:10     | Slain by a two-headed ogre

Illustrated notes

Levels and vault maps discovered:
D:1:      saegor_arrival_miasma, layout_basic, minmay_misc_feat_square,
          nicolae_shop_vocational
D:2:      layout_loops_ring, uniq_sigmund, uniq_robin
D:3:      layout_basic, minmay_overflow_temple_star_hex
D:4:      minmay_wonky_spiral, layout_layer_cave, elyvilon_altar_5,
          minmay_temple_entry_proselytizer
D:5:      layout_loops_corners, worldfamousw_hep_ancestral_shrine, serial_shops,
          nicolae_shop_advertising_works [nicolae_subvault_shop_adworks],
          minivault_27, uniq_grinder
D:6:      layout_basic, ebering_ghost_rock_garden, hangedman_decor_push,
          hangedman_feature_mirror
D:7:      layout_basic, lightli_temple_of_fire
D:8:      layout_cave_pods, mainiacjoe_overflow_small_starburst
D:9:      layout_basic, nicolae_kite_square_tiling_tiny, hive_lemuel
D:10:     layout_long_grid, david_orc_3, uniq_sonja, uniq_psyche
Temple:   nicolae_temple_bog_church

Skill      XL: |  1  2  3  4  5  6  7  8  9 10 |
---------------+-------------------------------+-----
Axes           | 3 4 5 7 9 |  9.0
Fighting       | 4 5 7 9 |  9.0
Armour         | 5 7 |  7.4
Shields        | 4 5 7 |  7.0
Polearms       | 3 8 9 |  9.9

Action                   |  1- 3 |  4- 6 |  7- 9 | 10-12 || total
-------------------------+-------+-------+-------+-------++-------
Melee: War axe           |   103 |    98 |   105 |       ||   306
       Trident           |       |       |   177 |   131 ||   308
       Hand axe          |       |       |    14 |       ||    14
Throw: Dart              |     1 |       |    20 |       ||    21
  Use: Potion            |       |     1 |     1 |     1 ||     3
       Scroll            |       |       |     5 |       ||     5
 Stab: Paralysed         |       |       |    10 |     4 ||    14
Armor: Scale mail        |    26 |       |       |       ||    26
       Plate armour      |    33 |    71 |   184 |    64 ||   352
Dodge: Dodged            |    50 |    41 |    68 |    38 ||   197
Block: Buckler           |    24 |     9 |       |       ||    33
       Kite shield       |       |    22 |   133 |    72 ||   227

Table legend: (Time is in decaauts)
 A = Elapsed time spent in this place.
 B = Non-inter-level travel time spent in this place.
 C = Inter-level travel time spent in this place.
 D = Time resting spent in this place.
 E = Time spent auto-exploring this place.
 F = Levels seen in this place.
 G = Mean time per level.
                   A        B        C        D        E       F      G
               +--------+--------+--------+--------+--------+-----+--------+
         Total |  10830 |   9322 |   1508 |      0 |   7786 |  11 |  984.5 |
       Dungeon |  10679 |   9184 |   1495 |      0 |   7669 |  10 | 1067.9 |
        Temple |    151 |    138 |     13 |      0 |    117 |   1 |  151.0 |
               +--------+--------+--------+--------+--------+-----+--------+

Top non-repeatable levels by time:
     D:5: 1591 daAuts
     D:4: 1535 daAuts
     D:9: 1398 daAuts
     D:7: 1284 daAuts
     D:3: 1274 daAuts
     D:8: 1024 daAuts
     D:6: 948 daAuts
     D:1: 809 daAuts
     D:2: 755 daAuts
  Temple: 151 daAuts
    D:10: 56 daAuts
